 Seeded DCSS version 0.30-a0-578-gdee14c521f (webtiles) character file.

Game seed: 5150055783767363670 (custom seed)

102 greenreed the Trooper (level 4, -1/36 HPs)
             Began as a Demonspawn Fighter on Jan 1, 2023.
             Slain by an orc wizard
             ... wielding a +2 dagger of speed
              (5 damage)
             ... on level 3 of the Dungeon.
             The game lasted 00:02:39 (1785 turns).

greenreed the Trooper (Demonspawn Fighter)          Turns: 1785, Time: 00:02:40

Health: -1/36      AC:  6    Str: 18    XL:     4   Next: 49%
Magic:  4/4        EV: 11    Int:  9    God:
Gold:   132        SH:  0    Dex: 13    Spells: 3/3 levels left

rFire   . . .      SeeInvis .    a - +0 flail
rCold   . . .      Faith    .    c - +0 buckler
rNeg    . . .      Spirit   .    b - +0 scale mail
rPois   .          Reflect  .    (no helmet)
rElec   .          Harm     .    (no cloak)
rCorr   .          Rampage  .    (no gloves)
Will    .....                    (no boots) Stlth
                                 (no amulet)
HPRegen 0.26/turn                (no ring)
MPRegen 0.09/turn                (no ring)

@: confused
A: repulsion field 1, demonic guardian 1, powered by death 1
a: no special abilities


You were on level 3 of the Dungeon.
You visited 1 branch of the dungeon, and saw 3 of its levels.

You collected 132 gold pieces.

Inventory:

Hand Weapons
 a - a +0 flail (weapon)
Armour
 b - a +0 scale mail (worn)
 c - a +0 buckler (worn)
Jewellery
 j - a ring of magical power
Scrolls
 e - 2 scrolls of teleportation {unknown}
 i - a scroll of fog {unknown}
 l - a scroll of magic mapping {unknown}
 n - 4 scrolls of identify {unknown}
 p - a scroll of immolation {unknown}
 r - a scroll of enchant armour {unknown}
 s - a scroll of blinking {unknown}
Potions
 d - 3 potions of might
 f - 2 potions of resistance {unknown}
 g - a potion of magic {unknown}
 h - a potion of brilliance {unknown}
 k - a potion of degeneration {unknown}
 m - a potion of ambrosia {unknown}
 o - a potion of heal wounds {unknown}
 q - a potion of attraction {unknown}


   Skills:
 * Level 3.6 Fighting
 * Level 3.3 Maces & Flails
 + Level 3.1 Armour
 + Level 0.1 Dodging
 + Level 0.1 Stealth
 + Level 3.0 Shields


You had 3 spell levels left.
You didn't know any spells.
Your spell library was empty.

Dungeon Overview and Level Annotations

Branches:
Dungeon (3/15)

Altars:

Shops:
D:1 [


Innate Abilities, Weirdness & Mutations

You are surrounded by a mild repulsion field. (EV +2)
A weak demonic guardian rushes to your aid.
You regenerate a little health from kills.


Message History

The orc wizard shouts!
The orc wizard gestures at you while chanting.
The puff of flame hits you!
You are too injured to fight recklessly!
You are too injured to fight recklessly!
You hit the orc wizard but do no damage.
The orc wizard hits you with a +2 dagger of speed.
The orc wizard casts a spell at you. You resist with some effort.
You hit the orc wizard.
The orc wizard is moderately wounded.
The orc wizard points at you and mumbles some strange words.
You are confused.
You miss the orc wizard.
The orc wizard is moderately wounded.
The orc wizard hits you but does no damage.
The orc wizard gestures wildly while chanting.
The orc wizard flickers and vanishes!
Deactivating autopickup; reactivate with Ctrl-A.
The orc wizard hits you with a +2 dagger of speed.
You hit the orc wizard but do no damage.
The orc wizard is moderately wounded.
The orc wizard closely misses you.
You bump into the rock wall.
The orc wizard hits you with a +2 dagger of speed.
A demonic guardian appears!
Something hits you.
The orc wizard hits you with a +2 dagger of speed.
You bump into the rock wall.
You hear some strange, mumbled words.
A magic dart appears from out of thin air!
The magic dart hits you.
* * * LOW HITPOINT WARNING * * *
The orc wizard casts a spell at you.
You are more confused.
You closely miss your iron imp. Something hits you.
* * * LOW HITPOINT WARNING * * *
The orc wizard hits you with a +2 dagger of speed.
* * * LOW HITPOINT WARNING * * *
The orc wizard hits you with a +2 dagger of speed.
You die...

..##.....###.....)#
#..........>....#
...#.............#
#####..###.#..#####
######o.
#.#..###########
.......#
#..............#
.......##
#...#.######...#
......o.###.###...#
#.### ........##@5#
###.####.#
.........{o##
#......#
.)......####
#......# .....(††#
##.....# .......##
####### .......
....).. .......
.......


You could see an orc wizard (ally target) and a friendly iron imp (summoned).

Vanquished Creatures
  Jessica (D:2)
  4 adders
  A worm (D:2)
  3 ball pythons
  3 bats
  6 endoplasms
  3 goblins
  4 hobgoblins
  4 kobolds
  2 quokkas
  2 frilled lizards
  3 rats
  A butterfly (D:2)
37 creatures vanquished.

Notes
Turn   | Place    | Note
-------+----------+-------------------------------------------
     0 | D:1      | greenreed the Demonspawn Fighter began the quest for the
                  | Orb.
     0 | D:1      | Reached XP level 1. HP: 18/18 MP: 1/1
   284 | D:1      | Found Asoemilu's Antique Armour Boutique.
   455 | D:1      | Gained mutation: You are surrounded by a mild repulsion
                  | field. (EV +2) [demonic ancestry]
   455 | D:1      | Reached XP level 2. HP: 24/24 MP: 2/2
  1090 | D:2      | Gained mutation: A weak demonic guardian rushes to your
                  | aid. [demonic ancestry]
  1090 | D:2      | Reached XP level 3. HP: 29/29 MP: 3/3
  1221 | D:2      | Noticed Jessica
  1237 | D:2      | Killed Jessica
  1286 | D:2      | Gained mutation: You regenerate a little health from kills.
                  | [demonic ancestry]
  1286 | D:2      | Reached XP level 4. HP: 26/35 MP: 4/4
  1785 | D:3      | Slain by an orc wizard

Illustrated notes

Levels and vault maps discovered:
D:1:      amcnicky_arrival_underground_garden, layout_loops_ring, serial_shops,
          nicolae_shop_hallway_stairs
D:2:      minmay_alternating_diamond, layout_basic, hangedman_glass_garden,
          uniq_jessica
D:3:      layout_rooms

Skill      XL: |  1  2  3  4 |
---------------+-------------+-----
Armour         | 3 |  3.1
Maces & Flails | 2 3 |  3.3
Shields        | 3 |  3.0
Fighting       | |  3.6
Dodging        | |  0.1
Stealth        | |  0.1

Action                   |  1- 3 |  4- 6 || total
-------------------------+-------+-------++-------
Melee: Flail             |    93 |    51 ||   144
Armor: Scale mail        |    46 |    32 ||    78
Dodge: Dodged            |    43 |    31 ||    74
Block: Buckler           |    24 |    11 ||    35

Table legend: (Time is in decaauts)
 A = Elapsed time spent in this place.
 B = Non-inter-level travel time spent in this place.
 C = Inter-level travel time spent in this place.
 D = Time resting spent in this place.
 E = Time spent auto-exploring this place.
 F = Levels seen in this place.
 G = Mean time per level.
                   A        B        C        D        E       F      G
               +--------+--------+--------+--------+--------+-----+--------+
         Total |   1830 |   1698 |    132 |      0 |   1371 |   3 |  610.0 |
       Dungeon |   1830 |   1698 |    132 |      0 |   1371 |   3 |  610.0 |
               +--------+--------+--------+--------+--------+-----+--------+

Top non-repeatable levels by time:
     D:2: 896 daAuts
     D:1: 828 daAuts
     D:3: 106 daAuts
